 Dungeon Crawl Stone Soup version 0.29.1-14-g9c671dbff4 (webtiles) character file.

Game seed: 15649297262884304532

7 Heoruswealwe the Caller (level 1, -1/10 HPs)
             Began as a Deep Elf Summoner on Feb 13, 2023.
             Hit by a stone thrown by a kobold (2 damage)
             ... on level 1 of the Dungeon.
             The game lasted 00:03:55 (244 turns).

Heoruswealwe the Caller (Deep Elf Summoner)          Turns: 244, Time: 00:03:55

Health: -1/10      AC:  2    Str:  5    XL:     1   Next: 83%
Magic:  0/6        EV: 12    Int: 19    God:
Gold:   0          SH:  0    Dex: 15    Spells: 5/6 levels left

rFire   . . .      SeeInvis .   (no weapon)
rCold   . . .      Faith    .   (no shield)
rNeg    . . .      Spirit   .   a - +0 robe
rPois   .          Reflect  .   (no helmet)
rElec   .          Harm     .   (no cloak)
rCorr   .          Rampage  .   (no gloves)
Will    .....                   (no boots)
Stlth   ++........              (no amulet)
HPRegen 0.03/turn               (no ring)
MPRegen 0.10/turn               (no ring)

@: no status effects
A: no striking features
a: no special abilities


You were on level 1 of the Dungeon.
You visited 1 branch of the dungeon, and saw 1 of its levels.

Inventory:

Hand Weapons
 d - a +0 dagger of speed
Armour
 a - a +0 robe (worn)
Scrolls
 c - a scroll of torment {unknown}
 e - a scroll of enchant weapon {unknown}
Potions
 b - a potion of magic


   Skills:
 + Level 0.0 Fighting
 + Level 0.0 Long Blades
 + Level 2.4 Dodging
 + Level 2.4 Stealth
 * Level 3.0 Spellcasting
 + Level 0.0 Conjurations
 + Level 0.4 Hexes
 * Level 4.4 Summonings
 + Level 0.0 Necromancy
 + Level 0.0 Translocations
 + Level 0.3 Transmutations
 + Level 0.3 Fire Magic
 + Level 0.0 Ice Magic
 + Level 0.0 Air Magic
 + Level 0.3 Earth Magic
 + Level 0.0 Poison Magic
 + Level 0.0 Invocations
 + Level 0.0 Evocations


You had 5 spell levels left.
You knew the following spells:

 Your Spells              Type           Power      Damage    Failure   Level
a - Summon Small Mammal   Summ           76%        N/A       2%          1

Your spell library contained the following spells:

 Spells                   Type           Power      Damage    Failure   Level
 Call Imp                 Summ           19%        N/A       3%          2
 Call Canine Familiar     Summ           19%        N/A       8%          3
 Summon Guardian Golem    Hex/Summ       12%        N/A       17%         3
 Summon Lightning Spire   Summ/Air       11%        N/A       52%         4


Dungeon Overview and Level Annotations

Branches:
Dungeon (1/15)

Altars:


Message History

The kobold barely misses you.
Casting: Summon Small Mammal (safe; 2% risk of failure)
Confirm with . or Enter, or press ? or * to list all spells.
Your bat closely misses the kobold.
The kobold hits your rat with a +0 whip.
Your rat dies!
Your rat's corpse disappears in a puff of smoke!
The kobold closely misses you.
Your bat barely misses the kobold.
The jackal misses you.
Casting: Summon Small Mammal (safe; 2% risk of failure)
Confirm with . or Enter, or press ? or * to list all spells.
You don't have enough magic to cast this spell.
Your bat misses the kobold. The jackal barely misses you.
The kobold throws a stone.
The stone barely misses you. The jackal attacks as you move away!
The jackal barely misses you.
Your bat misses the kobold. The jackal barely misses you.
The jackal attacks as you move away! The jackal closely misses you.
Your bat hits the kobold.
The kobold hits your bat with a +0 dagger.
Your bat dies!
Your bat's corpse disappears in a puff of smoke!
The kobold shouts!
The jackal bites you but does no damage.
Casting: Summon Small Mammal (safe; 2% risk of failure)
Confirm with . or Enter, or press ? or * to list all spells.
The jackal barely misses you.
The kobold throws a stone.
The stone closely misses you. The jackal attacks as you move away!
The jackal bites you. x2
* * * LOW HITPOINT WARNING * * *
Your quokka barely misses the jackal.
Your quokka barely misses the jackal.
The jackal attacks as you move away!
The jackal bites you but does no damage.
The jackal bites you.
* * * LOW HITPOINT WARNING * * *
Unknown command.
The jackal barely misses you.
Your quokka barely misses the jackal.
The kobold throws a stone.
The stone closely misses your quokka. The stone hits you.
You die...

#...#.#..#..#...#. ....## #
#.###..#.#.#..##...#...####...###
.###.#.#..#...#..#....##..##.....
##..##.##......##.....#>##?'.....
...#.##.#.†.#.........###?##.....
######.#...#..##.##....####...###
#.#...#..#...#...#...........## #
.#.###.#.....#.#.............## #
##.#.#...##...##@r..##........###
.##.##.##....#...h#K..#..........
#..#.##...##.....K...............
#################################


You could see a jackal, 2 kobolds and a friendly quokka (summoned).

Vanquished Creatures (collateral kills)
  3 jackals (D:1)
  2 ball pythons (D:1)
  A frilled lizard (D:1)
  A kobold (D:1)
7 creatures vanquished.

Notes
Turn   | Place    | Note
-------+----------+-------------------------------------------
     0 | D:1      | Heoruswealwe the Deep Elf Summoner began the quest for the
                  | Orb.
     0 | D:1      | Reached XP level 1. HP: 10/10 MP: 6/6
   244 | D:1      | Hit by a stone thrown by a kobold

Illustrated notes

Levels and vault maps discovered:
D:1:      erik_arrival_cave_to_civilisation [erik_arrival_cave_to_hall],
          layout_basic, hellmonk_ecumenical_altar_crossroads

Action                   || total
-------------------------++-------
 Cast: Summon Small Mamm ||    17
Armor: Robe              ||     2
Dodge: Dodged            ||    19
